 Dungeon Crawl Stone Soup version 0.32-a0-39-g5c88369fb2 (webtiles) character file.

Game seed: 12502662161018120558

624613 DeathSun the Slayer (level 26, 0/147 HPs)
             Began as a Gargoyle Fighter on Jan 30, 2024.
             Was a High Priest of Qazlal.
             Killed from afar by a hellion (37 damage)
             ... with damnation
             ... in Pandemonium on Jan 31, 2024.
             The game lasted 04:47:22 (66515 turns).

DeathSun the Slayer (Gargoyle Fighter)             Turns: 66515, Time: 04:47:22

Health: 0/147      AC: 43    Str: 25    XL:     26   Next: 66%
Magic:  29/37      EV: 12    Int: 19    God:    Qazlal [*****.]
Gold:   2394       SH: 24    Dex:  9    Spells: 21/37 levels left

rFire   + + +        L - +9 demon whip (elec)
rCold   + + .        B - +2 shield of Resistance {rF++ rC++ Will++}
rNeg    + . .        P - +3 troll leather armour
rPois   ∞            Y - +2 helmet {Int+3}
rElec   +            i - +1 cloak of Kaxot {rF+ Slay+3}
rCorr   +            H - +2 pair of gloves "Anek" {Will+}
SInv    +            a - +2 pair of boots
Will    ++++.        z - amulet of faith
Stlth   +            W - ring of see invisible
HPRegen 0.00/turn    p - ring of Stoicism {^Contam rPois rCorr AC+4}
MPRegen 0.25/turn

%: repel missiles, faith
@: flying, inhibited regen, studying Short Blades
A: sickness immunity, AC +20, big wings, negative energy resistance 1,
electricity resistance, torment resistance 1, petrification resistance, hooves
1, deformed body, frail 2, screaming 2, inhibited regeneration, persistent drain
}: 6/15 runes: serpentine, barnacled, slimy, silver, abyssal, demonic
a: Renounce Religion, Upheaval, Elemental Force, Disaster Area


You were in Pandemonium.
You worshipped Qazlal.
Qazlal was extremely pleased with you.
You visited 8 branches of the dungeon, and saw 44 of its levels.
You visited Pandemonium 1 time, and saw 5 of its levels.
You visited the Abyss 1 time.
You visited 1 bazaar.
You also visited: Sewer.

You collected 6699 gold pieces.
You spent 4305 gold pieces at shops.

Inventory:

Hand Weapons
 L - a +9 demon whip of electrocution (weapon)
Armour
 a - a +2 pair of boots (worn)
 i - the +1 cloak of Kaxot (worn) {rF+ Slay+3}
   (You found it on level 2 of the Vaults)

   Slay+3:    It affects your accuracy & damage with ranged weapons and melee
   (+3).
   rF+:       It protects you from fire.
 B - the +2 shield of Resistance (worn) {rF++ rC++ Will++}
   (You found it on level 14 of the Dungeon)

   rF++:      It greatly protects you from fire.
   rC++:      It greatly protects you from cold.
   Will++:    It greatly increases your willpower.
 H - the +2 pair of gloves "Anek" (worn) {Will+}
   (You acquired it on level 2 of the Shoals)

   Will+:     It increases your willpower.
 P - a +3 troll leather armour (worn)
 R - +12 gold dragon scales
 Y - a +2 helmet of intelligence (worn)
Jewellery
 c - the ring "Caimem" {Int+6 Dex+8}
   (You found it on level 2 of the Snake Pit)

   [ring of intelligence]

   Int+6:     It affects your intelligence (+6).
   Dex+8:     It affects your dexterity (+8).
 f - a ring of positive energy
 p - the ring of Stoicism (right hand) {^Contam rPois rCorr AC+4}
   (You found it on level 1 of the Shoals)

   [ring of protection]

   AC+4:      It affects your AC (+4).
   rPois:     It protects you from poison ^Contam: It causes magical
   contamination when unequipped.
   rCorr:     It protects you from acid and corrosion.
 y - a +6 ring of strength
 z - an amulet of faith (around neck)
 T - a ring of wizardry
 W - a ring of see invisible (left hand)
Wands
 j - a wand of paralysis (52)
 C - a wand of acid (18)
 J - a wand of iceblast (20)
 M - a wand of mindburst (10)
 O - a wand of polymorph (19)
Scrolls
 b - 7 scrolls of butterflies
 e - 8 scrolls of immolation
 l - 9 scrolls of vulnerability
 o - 13 scrolls of teleportation
 t - 4 scrolls of enchant armour
 v - 7 scrolls of poison
 w - 4 scrolls of amnesia
 x - a scroll of silence
 E - 9 scrolls of fog
 G - 8 scrolls of fear
 Q - 5 scrolls of torment
 U - 4 scrolls of brand weapon
 X - 6 scrolls of revelation
Potions
 d - 4 potions of might
 h - 11 potions of mutation
 k - 3 potions of berserk rage
 m - 6 potions of attraction
 u - 8 potions of brilliance
 D - 4 potions of enlightenment
 F - 4 potions of haste
 I - 7 potions of magic
 K - 5 potions of cancellation
 N - 11 potions of ambrosia
 S - 2 potions of lignification
 V - 3 potions of resistance
 Z - 3 potions of heal wounds
Miscellaneous
 g - a phantom mirror
 n - a condenser vane
 q - a lightning rod (4/4)
 r - a box of beasts
 A - a phial of floods


   Skills:
 + Level 23.8 Fighting
 + Level 17.7 Maces & Flails
 * Level 11.0 Armour
 - Level 5.0 Dodging
 - Level 20.0 Shields
 - Level 6.0 Spellcasting
 * Level 16.4 Summonings
 - Level 11.0 Translocations
 + Level 21.1 Invocations
 - Level 16.5 Evocations


You had 21 spell levels left.
You knew the following spells:

 Your Spells              Type           Power      Damage    Failure   Level
a - Summon Hydra          Summ           31%        N/A       16%         7
b - Manifold Assault      Tloc           47%        N/A       1%          4
c - Summon Forest         Summ/Tloc      27%        N/A       1%          5

Your spell library contained the following spells:

 Spells                   Type           Power      Damage    Failure   Level
 Apportation              Tloc           94%        N/A       1%          1
 Call Canine Familiar     Summ           62%        N/A       1%          3
 Summon Ice Beast         Ice/Summ       36%        N/A       1%          3
 Momentum Strike          Conj/Tloc      52%        3d9       2%          2
 Summon Cactus Giant      Summ           31%        N/A       2%          6
 Volatile Blastmotes      Fire/Tloc      52%        2d14      4%          3
 Animate Armour           Summ/Erth      72%        N/A       5%          4
 Summon Lightning Spire   Summ/Air       36%        N/A       5%          4
 Summon Mana Viper        Hex/Summ       36%        N/A       14%         5
 Foxfire                  Conj/Fire      20%        2x1d5     16%         1
 Freeze                   Ice            20%        1d4       16%         1
 Kiss of Death            Conj/Necr      20%        2d7       16%         1
 Magic Dart               Conj           20%        1d4       16%         1
 Necrotise                Necr           20%        1d5       16%         1
 Slow                     Hex            20%        N/A       16%         1
 Dimensional Bullseye     Hex/Tloc       13%        N/A       16%         4
 Vhi's Electric Charge    Tloc/Air       52%        N/A       16%         4
 Monstrous Menagerie      Summ           31%        N/A       16%         7
 Ensorcelled Hibernation  Hex/Ice        10%        N/A       22%         2
 Jinxbite                 Hex            10%        N/A       22%         2
 Mercury Vapours          Alch/Air       10%        N/A       22%         2
 Scorch                   Fire           10%        2d5       22%         2
 Searing Ray              Conj           10%        2d4       22%         2
 Confusing Touch          Hex            5%         N/A       41%         3
 Dazzling Flash           Conj/Hex       10%        N/A       41%         3
 Frozen Ramparts          Ice            10%        1d2       41%         3
 Fugue of the Fallen      Necr           5%         N/A       41%         3
 Hailstorm                Conj/Ice       5%         3d5       41%         3
 Inner Flame              Hex/Fire       5%         N/A       41%         3
 Mephitic Cloud           Conj/Alch/Air  5%         N/A       41%         3
 Ozocubu's Armour         Ice            5%         N/A       41%         3
 Sigil of Binding         Hex            5%         N/A       41%         3
 Stone Arrow              Conj/Erth      10%        3d7       41%         3
 Vampiric Draining        Necr           5%         2d6       41%         3
 Anguish                  Hex/Necr       2%         N/A       83%         4
 Dispel Undead            Necr           5%         3d7       83%         4
 Flame Wave               Conj/Fire      5%         2d5       83%         4
 Fulminant Prism          Conj/Alch      2%         3d5       83%         4
 Sticky Flame             Fire/Alch      5%         2d4       83%         4
 Alistair's Intoxication  Alch           3%         N/A       99%         5
 Arcjolt                  Conj/Air       2%         1d12      99%         5
 Curse of Agony           Necr           5%         N/A       99%         5
 Iskenderun's Battlesphe  Conj           5%         2d6       99%         5
 Lee's Rapid Deconstruct  Erth           2%         3d5*      99%         5
 Metabolic Englaciation   Hex/Ice        2%         N/A       99%         5
 Silence                  Hex/Air        2%         N/A       99%         5
 Spellforged Servitor     Conj/Summ      18%        N/A       99%         7
 Bombard                  Conj/Erth      2%         9d1       100%        6
 Eringya's Noxious Bog    Alch           2%         4d6       100%        6
 Plasma Beam              Fire/Air       2%         2x1d12    100%        6
 Sculpt Simulacrum        Ice/Alch       2%         N/A       100%        6
 Starburst                Conj/Fire      2%         6d3       100%        6
 Ignition                 Fire           2%         3d3       100%        8
 Lehudib's Crystal Spear  Conj/Erth      2%         10d2      100%        8
 Maxwell's Capacitive Co  Air            2%         ∞         100%        8


Dungeon Overview and Level Annotations

Branches:
Dungeon (15/15)            Temple (0/1) D:7            Lair (5/5) D:10
 Shoals (4/4) Lair:3        Snake (4/4) Lair:2        Slime (5/5) Lair:5
    Orc (2/2) D:10            Elf (0/3) Orc:2        Vaults (5/5) D:13
  Crypt (0/3) Vaults:2     Depths (4/4) D:15            Zot (0/5) Depths:4
  Sewer (visited)

Altars:
Ashenzari
Cheibriados
Dithmenos
Elyvilon
Fedhas
Gozag
Kikubaaqudgha
Makhleb
Nemelex Xobeh
Okawaru
Qazlal
Ru
Sif Muna
Trog
Uskayaw
Vehumet
Wu Jian
Xom
Yredelemnul
Zin
The Shining One
Ignis
Jiyva

Shops:
D:12 [   Orc:2 :?(*   Shoals:3 =   Snake:2 =:=   Snake:3 (:?   Vaults:1 ?!
Vaults:2 *   Vaults:3 :*   Vaults:4 *   Depths:1 =!(

Portals:
Hell: Depths:1 Depths:2 Depths:3 Depths:4
Abyss: Depths:3 Depths:4
Pandemonium: Orc:2 Depths:2
Ziggurat: Depths:3

Annotations:
Shoals:1 exclusion: oklob plant
Depths:3 Sojobo


Innate Abilities, Weirdness & Mutations

You are immune to sickness and miasma.
Your stone body is resilient. (AC +20)
You are immune to poison.
Your large and strong wings let you fly.
You resist negative energy. (rN+)
You are resistant to electric shocks. (rElec)
You are resistant to unholy torment.
You are immune to petrification.
You have large cloven feet.
Armour fits poorly on your strangely shaped body.
You are very frail. (-20% HP)
You frequently scream uncontrollably at your foes.
You do not regenerate when monsters are visible.
Your health recovers twice as slowly from being drained.


Message History

You kill the balrug!
Qazlal accepts your kill.
The cutting wind hits the reaper!!!
The reaper is almost dead.
The cutting wind hits the reaper!
The reaper is moderately wounded.
Qazlal accepts your kill.
You feel a bit more experienced.
The reaper is no longer encased in ice.
Qazlal accepts your kill.
You feel a bit more experienced.
The hellion hits you but does no damage.
You block the reaper's attack.
Aiming: Upheaval
Press: ? - help, Dir - move target A blizzard blasts the area with ice!
Qazlal accepts your kill.
You feel a bit more experienced. Qazlal accepts your kill.
You feel a bit more experienced.
The blast of ice hits the reaper!
The reaper partially resists.
The reaper is heavily wounded.
The blast of ice hits the reaper!!
The reaper partially resists.
You kill the reaper!
Qazlal accepts your kill.
The blast of ice hits the hellion!!!
You kill the hellion!
Qazlal accepts your kill.
Your Armour skill increases to level 11!
The reaper is no longer encased in ice.
The hellion gestures at you.
The sphere of damnation explodes!
The damnation engulfs you!!
The damnation engulfs the hellion.
The hellion completely resists.
The hellion gestures at you.
The sphere of damnation explodes!
The damnation engulfs you!
The damnation engulfs the hellion.
The hellion completely resists.
The balrug gestures at you. Something smites you!
* * * LOW HITPOINT WARNING * * *
The hellion gestures at you.
The sphere of damnation explodes!
The damnation engulfs you!!!
You die...

######
#22..#
###§2..#
#.2262.#
#@#.222#
#.#2226#
#.######
#.. ##..
#.. ...
....
....


You could see a demonspawn corrupter, 2 balrugs, 2 reapers and 2 hellions.

Vanquished Creatures
  the Royal Jelly (Slime:5)
  A dread lich (Vaults:5)
  Mara (Depths:1)
  An ancient lich (Vaults:4)
  A juggernaut (Depths:2)
  The ghost of Lapib the Spry, a veteran MfIE of the Shining One (Depths:3)
  4 caustic shrikes
  Vashnia (Snake:3)
  Parghit (Depths:4)
  Saint Roka (Orc:1)
  Nikola (Vaults:3)
  6 golden dragons
  Jory (Vaults:3)
  Norris (Depths:1)
  A Tzitzimitl (Pan)
  4 pandemonium lords (Pan)
  3 Ice Fiends (Pan)
  6 tentacled monstrosities
  Jorgrun (Orc:2)
  4 liches
  The ghost of Yli Wybb the Crack Shot, an adept DsHu of Ashenzari (Snake:2)
  Asterion (Vaults:2)
  30 acid blobs
  A quicksilver dragon (Depths:2)
  2 sphinxes
  7 titans
  5 krakens
  3 tentacled starspawn (Abyss:6)
  3 tengu reavers
  4 Executioners
  6 shadow dragons
  Aizul (Snake:1)
  A storm dragon (Vaults:5)
  Kirke (D:13)
  16 rockslimes
  Donald (Vaults:1)
  20 azure jellies
  6 nagarajas
  15 frost giants
  A draconian knight (Depths:4)
  11 fire giants
  2 iron dragons
  A draconian scorcher (Depths:4)
  12 vault wardens
  12 balrugs (Pan)
  The ghost of lis82 the Devastator, a journeyman DgIE (Orc:2)
  An angel (Shoals:4)
  8 reapers (Pan)
  17 ironbound preservers
  16 quicksilver oozes
  2 demonspawn blood saints (Pan)
  A cacodemon (Pan)
  2 spriggan defenders (Depths:2)
  6 orc warlords
  24 stone giants
  36 very ugly things
  9 ironbound thunderhulks
  An apis (Shoals:4)
  A deep elf demonologist (Vaults:4)
  8 lorocyprocas (Pan)
  11 formless jellyfish
  2 deep elf death magi
  A black draconian (Depths:4)
  4 demonspawn black suns (Pan)
  3 dire elephants (Vaults:1)
  A yellow draconian (Depths:4)
  2 vampire knights
  A deep elf annihilator (Vaults:5)
  The ghost of Dyuvotuts the Mimic, a journeyman TrSh of Ru (Snake:2)
  The ghost of Dyuvotuts the Mimic, a journeyman TrSh of Ru (Snake:2)
  8 spark wasps
  4 war gargoyles
  A white draconian (Depths:4)
  2 purple draconians (Depths:4)
  16 ettins
  A blizzard demon (Abyss:6)
  A green death (Abyss:6)
  7 merfolk javelineers
  13 merfolk impalers
  2 jiangshi (Depths:1)
  2 entropy weavers
  4 fire dragons
  2 crystal guardians (Vaults:3)
  2 deep elf high priests (Vaults:5)
  2 ice dragons
  30 vault guards
  7 rakshasas
  14 yaktaur captains
  9 great orbs of eyes
  A quicksilver dragon skeleton (Abyss:6)
  5 hydras
  A salamander tyrant (Snake:4)
  2 demonspawn (Orc:2)
  2 peacekeepers (Vaults:3)
  10 merfolk aquamancers
  10 ironbound frosthearts
  3 spriggan air magi (Depths:2)
  2 two-headed ogres
  3 hell beasts (Pan)
  4 anacondas
  2 alligator snapping turtles
  3 merfolk avatars
  11 centaur warriors
  5 death yaks
  An anaconda (shapeshifter) (Vaults:4)
  2 death knights (Vaults:2)
  5 boulder beetles
  A catoblepas (Lair:4)
  10 tengu warriors
  14 naga warriors
  8 orc high priests
  A two-headed ogre (shapeshifter) (Depths:1)
  2 vampire magi
  3 deep troll earth magi
  4 occultists
  7 thrashing horrors (Abyss:6)
  15 naga sharpshooters
  13 shock serpents
  5 demonic crawlers (Pan)
  3 deep troll shamans
  19 soul eaters (Pan)
  7 skysharks
  4 spriggan berserkers
  9 hell knights
  A wretched star (Abyss:6)
  26 sun demons
  5 spriggans
  A fire crab (shapeshifter) (Vaults:4)
  Amaemon (D:7)
  47 deep trolls
  6 salamander mystics
  A spatial maelstrom (Abyss:6)
  4 cherubim (Shoals:4)
  7 iron trolls
  6 sixfirhies
  25 large abominations
  A naga ritualist (Snake:1)
  2 goliath frogs (Lair:5)
  9 sea snakes
  2 deep trolls (shapeshifter)
  5 glowing orange brains
  3 mana vipers
  7 necromancers
  8 arcanists
  A glowing orange brain (shapeshifter) (Vaults:4)
  7 shadow demons (Pan)
  16 ironbound convokers
  Pikel (D:4)
  18 harpies
  A swamp dragon (shapeshifter) (Vaults:4)
  4 phantasmal warriors
  4 deep elf pyromancers
  17 lindwurms
  2 flayed ghosts (D:15)
  8 fauns
  22 orc knights
  3 orc sorcerers (Orc:2)
  A sphinx simulacrum (D:15)
  48 ugly things
  7 cyclopes
  A shining eye (shapeshifter) (Depths:4)
  9 elephants
  12 manticores
  An elephant (shapeshifter) (Depths:3)
  10 salamanders
  7 shining eyes
  9 merfolk sirens
  6 kobold blastminers
  16 naga magi
  2 water nymphs (Shoals:1)
  29 black mambas
  3 guardian serpents
  A rust devil (Pan)
  23 cane toads
  2 water nymphs (shapeshifter)
  20 vault sentinels
  Joseph (D:8)
  2 eyes of devastation
  6 orange demons
  An eye of devastation (shapeshifter) (Vaults:5)
  17 smoke demons
  2 torpor snails (Lair:4)
  2 gargoyles
  Maggie (D:7)
  3 hellions (Pan)
  4 unseen horrors
  A kobold demonologist (D:12)
  7 komodo dragons
  2 ancient zymes (Abyss:6)
  2 freezing wraiths
  An ice devil (Pan)
  8 rime drakes
  8 tormentors (Pan)
  2 efreet (D:13)
  24 yaktaurs
  3 tengu conjurers
  A queen bee (Orc:1)
  5 trolls
  5 red devils (Pan)
  9 hellwings
  3 tyrant leeches
  A troll (shapeshifter) (D:15)
  50 merfolk
  6 hornets
  2 polar bears
  9 wind drakes
  3 snapping turtles
  28 blink frogs
  11 dream sheep
  10 glass eyes
  7 raiju
  2 spriggan zombies (D:15)
  4 fire dragon skeletons (D:15)
  123 slime creatures
  14 ynoxinuls (Pan)
  An ettin skeleton (Vaults:3)
  A jumping spider (shapeshifter) (Vaults:5)
  13 water elementals
  A wyvern (Lair:2)
  8 small abominations (Depths:3)
  14 humans (D:13)
  A shadow (D:11)
  5 hogs (D:13)
  50 yaks
  4 starcursed masses
  2 wraiths
  3 basilisks
  11 fire elementals
  A yak (shapeshifter) (Depths:3)
  5 neqoxecs
  A warg (Orc:1)
  4 golden eyes (Slime:5)
  7 redbacks
  A redback (shapeshifter) (Vaults:5)
  A steam dragon (D:9)
  11 vampire mosquitoes
  Edmund (D:5)
  15 chaos spawn
  13 water moccasins
  3 acid dragons (D:10)
  34 nagas
  A meliai simulacrum (D:14)
  5 black bears
  37 orc warriors
  A sky beast (D:7)
  2 laughing skulls (D:12)
  A crocodile (Sewer)
  2 human zombies (Vaults:3)
  3 ogres
  5 wolves (Lair:1)
  9 boggarts
  8 centaurs
  2 phantoms
  5 kobold brigands
  2 lemures (D:4)
  23 bullfrogs
  6 scorpions
  28 killer bees
  10 howler monkeys
  2 electric eels (Lair:2)
  A bombardier beetle (D:5)
  6 hounds
  34 orc priests
  5 jellies
  A sleepcap (D:4)
  Jessica (D:14)
  Ijyb (D:5)
  5 iguanas
  13 orc wizards
  7 hell rats (Lair:4)
  8 adders
  A shadow imp (D:7)
  16 white imps
  2 ufetubi (D:6)
  2 dart slugs (D:1)
  2 ribbon worms (D:2)
  71 orcs
  3 bats
  19 endoplasms
  2 giant cockroaches (D:4)
  9 goblins
  8 hobgoblins
  2 jackals (Sewer)
  7 quokkas
  8 ball pythons
  6 frilled lizards
  29 kobolds
  4 rats
  A butterfly (D:7)
  A lurking horror (Abyss:6)
  2 snaplasher vines
  3 starspawn tentacles (Abyss:6)
  6 tentacles (Shoals:1)
2205 creatures vanquished.

Vanquished Creatures (collateral kills)
  A caustic shrike (Depths:4)
  An Executioner (Pan)
  A reaper (Pan)
  A balrug (Pan)
  A cacodemon (Pan)
  A stone giant (Vaults:5)
  A very ugly thing (Abyss:6)
  A quicksilver ooze (Slime:5)
  A blizzard demon (Pan)
  A vault guard (Vaults:5)
  A soul eater (Pan)
  A shock serpent (Snake:4)
  4 sun demons (Pan)
  A death drake (Abyss:4)
  A spatial maelstrom (Abyss:4)
  A shadow demon (Pan)
  A large abomination (Abyss:6)
  An ugly thing (Abyss:4)
  8 smoke demons
  An orange demon (Pan)
  A red devil (Pan)
  A ynoxinul (Pan)
  2 neqoxecs
  3 chaos spawn
  A small abomination (Abyss:4)
  A naga (Snake:4)
  A crimson imp (Pan)
  2 starcursed masses (Abyss:4)
  A starspawn tentacle (Abyss:6)
43 creatures vanquished.

Vanquished Creatures (others)
  A fire giant (Vaults:5)
  A balrug (Pan)
  A very ugly thing (Vaults:5)
  A vampire mage (Depths:2)
  A shadow demon (Pan)
  An ugly thing (Abyss:4)
  A wolf spider (Vaults:5)
  A merfolk (Shoals:4)
  A dream sheep (Shoals:4)
  4 ball lightnings (Pan)
  A butterfly (Depths:1)
  82 foxfires
  5 snaplasher vines
  7 starspawn tentacles (Abyss:6)
  29 tentacles
137 creatures vanquished.

Grand Total: 2385 creatures vanquished

Notes
Turn   | Place    | Note
-------+----------+-------------------------------------------
     0 | D:1      | DeathSun the Gargoyle Fighter began the quest for the Orb.
     0 | D:1      | Reached XP level 1. HP: 14/14 MP: 1/1
    95 | D:1      | Reached XP level 2. HP: 19/19 MP: 2/2
   483 | D:1      | Reached XP level 3. HP: 14/23 MP: 3/3
  1044 | D:2      | Found a faded altar of an unknown god.
  1061 | D:2      | Got Plato's Tome of Kindling
  1062 | D:2      | Prayed at the altar of an unknown god.
  1062 | D:2      | Became a worshipper of Ignis, the Dying Flame
  1311 | D:2      | Reached XP level 4. HP: 28/28 MP: 4/4
  1876 | D:3      | Identified the +0 buckler of Negation {rF+ Dex+3}
  2017 | D:3      | Found a shadowy altar of Dithmenos.
  2258 | D:3      | Reached skill level 5 in Maces & Flails
  2258 | D:3      | Reached XP level 5. HP: 29/32 MP: 5/5
  2774 | D:4      | Reached XP level 6. HP: 21/37 MP: 6/6
  2817 | D:4      | Found a glowing drain.
  2829 | Sewer    | Entered a sewer
  3111 | D:4      | Reached XP level 7. HP: 26/41 MP: 7/7
  3196 | D:4      | Noticed Pikel
  3225 | D:4      | Killed Pikel
  3226 | D:4      | Reached XP level 8. HP: 23/46 MP: 8/8
  3830 | D:5      | Entered Level 5 of the Dungeon
  3943 | D:5      | Noticed Edmund
  3969 | D:5      | Killed Edmund
  3970 | D:5      | Reached skill level 10 in Maces & Flails
  4198 | D:5      | Noticed Ijyb
  4219 | D:5      | Killed Ijyb
  4929 | D:6      | Reached XP level 9. HP: 51/51 MP: 9/9
  5423 | D:6      | Found a basalt altar of Yredelemnul.
  5423 | D:6      | Found a faded altar of an unknown god.
  5431 | D:6      | Found a sacrificial altar of Ru.
  5433 | D:6      | Found an ancient bone altar of Kikubaaqudgha.
  5434 | D:6      | Found a faded altar of an unknown god.
  5844 | D:7      | Noticed Maggie
  5875 | D:7      | Killed Maggie
  6191 | D:7      | Found a staircase to the Ecumenical Temple.
  6373 | D:7      | Found a hide-covered altar of Uskayaw.
  6375 | D:7      | Found a burning altar of Makhleb.
  6378 | D:7      | Found a shimmering blue altar of Sif Muna.
  6379 | D:7      | Found an iron altar of Okawaru.
  6379 | D:7      | Found an opulent altar of Gozag.
  6379 | D:7      | Found a radiant altar of Vehumet.
  6379 | D:7      | Found a stormy altar of Qazlal.
  6380 | D:7      | Found a snail-covered altar of Cheibriados.
  6381 | D:7      | Found an ornate altar of the Wu Jian Council.
  6382 | D:7      | Found a bloodstained altar of Trog.
  6383 | D:7      | Found a shimmering altar of Xom.
  6384 | D:7      | Found a sparkling altar of Nemelex Xobeh.
  6617 | D:8      | Noticed an orange demon
  6618 | D:8      | Noticed Amaemon
  6696 | D:8      | Reached XP level 10. HP: 48/56 MP: 10/10
  6762 | D:8      | Noticed Joseph
  7352 | D:7      | Killed Amaemon
  7353 | D:7      | Reached skill level 4 in Fighting
  7468 | D:8      | Paralysed by Joseph for 2 turns
  7484 | D:8      | Killed Joseph
  7485 | D:8      | Reached skill level 5 in Fighting
  7879 | D:8      | Killed an orange demon
  7880 | D:8      | Reached skill level 6 in Fighting
  7880 | D:8      | Reached skill level 5 in Armour
  8230 | D:9      | Reached skill level 1 in Evocations
  8533 | D:9      | Reached skill level 7 in Fighting
  8792 | D:9      | Noticed a gargoyle
  8830 | D:9      | Killed a gargoyle
  8857 | D:9      | Reached XP level 11. HP: 40/68 MP: 11/11
  8863 | D:9      | Reached skill level 8 in Fighting
  9034 | D:10     | Entered Level 10 of the Dungeon
  9039 | D:10     | Noticed a six-headed hydra
  9044 | D:10     | Killed a six-headed hydra
  9298 | D:10     | Found a staircase to the Orcish Mines.
  9299 | D:10     | Noticed an orc knight
  9335 | D:10     | Killed an orc knight
  9433 | D:10     | Reached skill level 5 in Evocations
  9643 | D:10     | Reached skill level 9 in Fighting
  9934 | D:10     | Found a staircase to the Lair.
 11052 | D:11     | Noticed a two-headed ogre
 11076 | Orc:1    | Entered Level 1 of the Orcish Mines
 11288 | D:11     | Killed a two-headed ogre
 11289 | D:11     | Reached skill level 10 in Fighting
 11769 | D:12     | Found Voxufit's Armour Shoppe.
 11926 | D:12     | Noticed a two-headed ogre
 11939 | D:12     | Killed a two-headed ogre
 11940 | D:12     | Reached XP level 12. HP: 64/79 MP: 12/12
 12013 | Lair:1   | Entered Level 1 of the Lair of Beasts
 12088 | Lair:1   | Reached skill level 11 in Fighting
 12324 | Lair:1   | Found the +5 robe of Misfortune {Harm *Corrode *Slow EV+5}
 13000 | Lair:1   | Reached skill level 12 in Fighting
 13527 | Lair:2   | Found a staircase to the Snake Pit.
 14556 | Lair:3   | Reached skill level 13 in Fighting
 14883 | Lair:3   | Reached XP level 13. HP: 82/88 MP: 13/13
 14906 | Lair:3   | Reached skill level 10 in Evocations
 15266 | Lair:3   | Reached skill level 14 in Fighting
 15400 | Lair:3   | Found a staircase to the Shoals.
 15549 | Lair:3   | Identified the +3 shortbow of Botaop Ydewn {elec, rElec}
 16535 | Lair:3   | Reached skill level 15 in Fighting
 17369 | Lair:5   | Entered Level 5 of the Lair of Beasts
 17463 | Lair:4   | Learned a level 3 spell: Call Canine Familiar
 17552 | Lair:5   | Reached skill level 1 in Dodging
 17592 | Lair:5   | Reached skill level 1 in Spellcasting
 17600 | Lair:5   | Reached skill level 1 in Summonings
 17862 | Lair:4   | Gained mutation: Your large and strong wings let you fly.
                  | [Gargoyle growth]
 17862 | Lair:4   | Reached XP level 14. HP: 99/99 MP: 16/16
 17919 | Lair:4   | Reached skill level 16 in Fighting
 18995 | Lair:5   | Found a viscous altar of Jiyva.
 18995 | Lair:5   | Found a staircase to the Slime Pits.
 19760 | D:7      | Fell from the grace of Ignis
 19760 | D:7      | Became a worshipper of Qazlal Stormbringer
 20167 | Orc:1    | You are sucked into a shaft and drop 1 floor!
 20167 | Orc:2    | Entered Level 2 of the Orcish Mines
 20181 | Orc:2    | Found a staircase to the Elven Halls.
 20215 | Orc:2    | Reached skill level 5 in Dodging
 20346 | Orc:2    | Reached * piety under Qazlal
 20390 | Orc:2    | Noticed Jorgrun
 20408 | Orc:2    | Killed Jorgrun
 20473 | Orc:1    | Found a burning altar of Makhleb.
 21059 | Orc:2    | Found Wixyt's General Store.
 21072 | Orc:2    | Reached ** piety under Qazlal
 21088 | Orc:2    | Found Suthrixyo's Magic Scroll Boutique.
 21166 | Orc:2    | Bought a scroll of fear for 40 gold pieces
 21166 | Orc:2    | Bought a scroll of identify for 20 gold pieces
 21166 | Orc:2    | Bought a scroll of identify for 20 gold pieces
 21166 | Orc:2    | Bought a scroll of teleportation for 30 gold pieces
 21166 | Orc:2    | Bought a scroll of teleportation for 30 gold pieces
 21166 | Orc:2    | Bought a scroll of blinking for 75 gold pieces
 21166 | Orc:2    | Bought a scroll of enchant weapon for 75 gold pieces
 21244 | Orc:2    | Noticed Saint Roka
 21248 | Orc:2    | Noticed lis82's ghost (journeyman DgIE)
 21378 | Orc:1    | Killed Saint Roka
 21379 | Orc:1    | Reached skill level 1 in Invocations
 21553 | Orc:2    | Found a runed translucent door.
 21691 | Orc:2    | Gained mutation: You occasionally lose the ability to read
                  | scrolls when taking damage. [a neqoxec]
 21693 | Orc:2    | Gained mutation: You are frail. (-10% HP) [a neqoxec]
 21704 | Orc:2    | Reached XP level 15. HP: 78/93 MP: 18/18
 21733 | Orc:2    | Gained mutation: You occasionally shout uncontrollably at
                  | your foes. [a neqoxec]
 21747 | Orc:1    | Reached *** piety under Qazlal
 22546 | Orc:2    | Reached skill level 5 in Summonings
 22722 | Orc:2    | Found Vosito's Antique Weapon Emporium.
 22722 | Orc:2    | Found Vamaur's Book Shoppe.
 22723 | Orc:2    | Found a one-way gate leading to the halls of Pandemonium.
 22727 | Orc:2    | Bought a book of Battle for 442 gold pieces
 22732 | Orc:2    | Learned a level 4 spell: Manifold Assault
 22835 | Orc:2    | Killed lis82's ghost
 23100 | Orc:1    | Reached skill level 5 in Invocations
 23103 | Orc:1    | Reached skill level 1 in Translocations
 23127 | Orc:1    | Reached **** piety under Qazlal
 23713 | D:12     | You are sucked into a shaft and drop 1 floor!
 23909 | D:13     | Found a broken altar of Ashenzari.
 23973 | D:13     | You are sucked into a shaft and drop 1 floor!
 23973 | D:14     | Was forgiven by Ignis
 24139 | D:13     | Noticed Kirke
 24146 | D:13     | Killed Kirke
 24920 | D:13     | Reached ***** piety under Qazlal
 25152 | D:13     | Reached skill level 5 in Translocations
 25242 | D:13     | Found a gate to the Vaults.
 25373 | Orc:2    | Bought a book of Beasts for 396 gold pieces
 26037 | D:14     | You are sucked into a shaft and drop 1 floor!
 26037 | D:15     | Entered Level 15 of the Dungeon
 26053 | D:15     | Reached XP level 16. HP: 94/99 MP: 22/22
 26369 | D:14     | Found a sparkling altar of Nemelex Xobeh.
 26370 | D:14     | Noticed Jessica
 26374 | D:14     | Killed Jessica
 26545 | D:14     | Found the +2 shield of Resistance {rF++ rC++ Will++}
 26803 | D:15     | Found a shadowy altar of Dithmenos.
 27209 | D:15     | Reached skill level 5 in Shields
 27463 | D:15     | Reached ****** piety under Qazlal
 27755 | D:15     | Found a staircase to the Depths.
 27766 | D:15     | Got the Parchment of Anthracomancy
 27768 | D:15     | Got the Almanac of Stolen Souls
 27772 | D:15     | Got the Octavo of Tephra
 27774 | D:15     | Got the Meditations on Algor
 27833 | Depths:1 | Entered Level 1 of the Depths
 28180 | Depths:1 | Found an ancient bone altar of Kikubaaqudgha.
 28205 | Depths:1 | Found Huomorelufi's Jewellery Boutique.
 28207 | Depths:1 | Found Deubeow's Distillery.
 28208 | Depths:1 | Noticed a sphinx
 28218 | Depths:1 | Noticed Norris
 28259 | Depths:1 | Killed Norris
 28262 | Depths:1 | Killed a sphinx
 28263 | Depths:1 | Reached skill level 10 in Invocations
 28399 | Depths:1 | Found Ciol's Weapon Boutique.
 28410 | Depths:1 | Bought a potion of cancellation for 144 gold pieces
 28410 | Depths:1 | Bought a potion of heal wounds for 90 gold pieces
 28410 | Depths:1 | Bought a potion of heal wounds for 90 gold pieces
 28410 | Depths:1 | Bought a potion of magic for 144 gold pieces
 28410 | Depths:1 | Bought 2 potions of haste for 360 gold pieces
 28425 | Depths:1 | Noticed Mara
 28435 | Depths:1 | Noticed DeathSun's illusion
 28441 | Depths:1 | Killed Mara
 28442 | Depths:1 | Reached XP level 17. HP: 74/104 MP: 17/24
 28516 | Depths:1 | Found a white marble altar of Elyvilon.
 28551 | Depths:1 | Found a gateway to Hell.
 28667 | Depths:1 | Reached skill level 17 in Fighting
 29410 | Snake:1  | Entered Level 1 of the Snake Pit
 30011 | Snake:1  | Identified the serpent talisman "Nywanuix" {Will+ Dex+6}
 30011 | Snake:1  | Noticed Aizul
 30036 | Snake:1  | Killed Aizul
 30686 | Snake:2  | Reached skill level 10 in Translocations
 30698 | Snake:2  | Reached skill level 10 in Armour
 30944 | Snake:2  | Identified the +2 ring mail "Fatsomn" {Str-5 Int+3 Dex+4
                  | Stlth-}
 31231 | Snake:2  | Found Kiuvvath's Jewellery Shop.
 31232 | Snake:2  | Found Ofroseed's Book Emporium.
 31233 | Snake:2  | Found Biorghes's Jewellery Shop.
 31258 | Snake:2  | Found a runed translucent gate.
 31259 | Snake:2  | Found a runed translucent gate.
 31259 | Snake:2  | Noticed Dyuvotuts's ghost (journeyman TrSh)
 31261 | Snake:2  | Found a runed translucent gate.
 31261 | Snake:2  | Noticed Dyuvotuts's ghost (journeyman TrSh)
 31261 | Snake:2  | Noticed Yli Wybb's ghost (adept DsHu)
 31572 | Snake:2  | Killed Dyuvotuts's ghost
 31576 | Snake:2  | Killed Dyuvotuts's ghost
 31595 | Snake:2  | Killed Yli Wybb's ghost
 31605 | Snake:2  | Identified the ring "Caimem" {Int+6 Dex+8}
 31826 | Snake:3  | Found Jexah's Magic Scroll Shoppe.
 31826 | Snake:3  | Found Yxakosod's Book Emporium.
 31915 | Snake:3  | Bought a scroll of identify for 38 gold pieces
 31915 | Snake:3  | Bought a scroll of enchant weapon for 142 gold pieces
 31915 | Snake:3  | Bought a scroll of identify for 38 gold pieces
 31915 | Snake:3  | Bought a scroll of teleportation for 57 gold pieces
 31915 | Snake:3  | Bought a scroll of identify for 38 gold pieces
 32031 | Snake:3  | Found Facodamawa's Weapon Shoppe.
 32117 | Snake:2  | Bought a ring of see invisible for 210 gold pieces
 32158 | Snake:3  | Noticed Vashnia
 32330 | Snake:3  | Killed Vashnia
 32366 | Snake:3  | Reached XP level 18. HP: 107/111 MP: 11/27
 32925 | Snake:4  | Entered Level 4 of the Snake Pit
 33052 | Snake:4  | Reached skill level 18 in Fighting
 34399 | Snake:4  | Got a serpentine rune of Zot
 34627 | Shoals:1 | Entered Level 1 of the Shoals
 34660 | Shoals:1 | Found a blossoming altar of Fedhas.
 35408 | Shoals:1 | Identified the ring of Stoicism {^Contam rPois rCorr AC+4}
 35887 | Shoals:1 | Reached XP level 19. HP: 105/118 MP: 29/29
 35971 | Shoals:1 | Got the Book of Combustion
 36159 | Shoals:2 | Reached skill level 19 in Fighting
 36251 | Shoals:2 | Reached skill level 10 in Shields
 36300 | Shoals:2 | Identified the +0 chain mail of the Present {rPois rCorr
                  | Int-5 Dex+3}
 36791 | Shoals:2 | Identified the +1 robe of Awkiejic {Will+ Archmagi}
 37106 | Shoals:2 | Identified a scroll of acquirement
 37107 | Shoals:2 | Acquired the +2 pair of gloves "Anek" {Will+}
 37267 | Shoals:3 | Found a sparkling altar of Nemelex Xobeh.
 37358 | Shoals:3 | Reached skill level 15 in Invocations
 37712 | Shoals:3 | Found Wyleny's One-of-a-Kind Rings.
 37915 | Shoals:4 | Entered Level 4 of the Shoals
 38420 | Shoals:4 | Reached skill level 20 in Fighting
 38433 | Shoals:4 | Identified the +8 morningstar of Olorupt {heavy, rC+ rCorr
                  | Str-2 SInv}
 38440 | Shoals:4 | Reached skill level 15 in Maces & Flails
 38727 | Shoals:4 | Found a white marble altar of Elyvilon.
 38740 | Shoals:4 | Got a barnacled rune of Zot
 38743 | Shoals:4 | Got the Elucidation of Blasted Profane Secrets
 38846 | Shoals:4 | Learned a level 5 spell: Summon Forest
 38855 | Shoals:4 | Found a glowing golden altar of the Shining One.
 39061 | Shoals:4 | Found a glowing silver altar of Zin.
 39255 | Slime:1  | Entered Level 1 of the Pits of Slime
 40028 | Slime:1  | Reached XP level 20. HP: 127/127 MP: 14/31
 40875 | Slime:3  | Gained mutation: Your health recovers twice as slowly from
                  | being drained. [a shining eye]
 40877 | Slime:3  | Gained mutation: Potions are less effective at restoring
                  | your health. [a shining eye]
 41767 | Slime:4  | Reached skill level 21 in Fighting
 42248 | Slime:5  | Entered Level 5 of the Pits of Slime
 42908 | Slime:5  | Noticed the Royal Jelly
 43579 | Slime:5  | Found the +8 Wrath of Trog {antimagic, *Rage Rampage}
 44127 | Slime:5  | Killed the Royal Jelly
 44346 | Slime:5  | Identified the ring "Jupev" {^Drain rF++ rCorr EV+5 Dex+2}
 44368 | Slime:5  | Acquired 916 gold pieces
 44380 | Slime:5  | Identified the +1 rapier of the Coin {freeze, rN+}
 44381 | Slime:5  | Identified the +6 chain mail "Ashompust" {Dex+4}
 44393 | Slime:5  | Reached XP level 21. HP: 135/135 MP: 33/33
 44407 | Slime:5  | Identified the +6 trident of the Grey Skies {flame, rPois
                  | rCorr Int+5}
 44505 | Slime:5  | Got a slimy rune of Zot
 45291 | Depths:2 | Reached skill level 22 in Fighting
 46004 | Depths:2 | Noticed a juggernaut
 46204 | Depths:2 | Killed a juggernaut
 46881 | Depths:3 | Found a one-way gate to the infinite horrors of the Abyss.
 47053 | Depths:3 | Noticed a golden dragon
 47088 | Depths:3 | Killed a golden dragon
 47312 | Depths:3 | Reached XP level 22. HP: 95/142 MP: 22/34
 47377 | Depths:3 | Identified the +4 long sword "Iwekoeb" {flame, rPois rN+
                  | Int+4 Stlth-}
 47472 | Depths:3 | Found the +10 zealot's sword {holy, Zealotry, *Rage rN+
                  | EV+3}
 47679 | Depths:3 | Found a runed translucent door.
 47680 | Depths:3 | Noticed Lapib's ghost (veteran MfIE)
 47694 | Depths:3 | Found a one-way gateway to a ziggurat.
 48006 | Depths:3 | Reached skill level 23 in Fighting
 48277 | Depths:3 | Killed Lapib's ghost
 48338 | Depths:3 | Learned a level 7 spell: Summon Hydra
 48377 | Depths:4 | Entered Level 4 of the Depths
 48384 | Depths:4 | Reached skill level 15 in Shields
 48640 | Depths:4 | Noticed a caustic shrike
 48644 | Depths:4 | Noticed a caustic shrike
 48645 | Depths:4 | Noticed a caustic shrike
 48659 | Depths:4 | Killed a caustic shrike
 48676 | Depths:4 | Killed a caustic shrike
 48686 | Depths:3 | Killed a caustic shrike
 48814 | Depths:4 | Noticed Sojobo
 49034 | Depths:4 | Noticed a caustic shrike
 49051 | Depths:4 | Killed a caustic shrike
 49062 | Depths:4 | Noticed a caustic shrike
 49072 | Depths:4 | Killed a caustic shrike
 49197 | Depths:4 | Identified the +1 scale mail of Muboec {rPois Str+4 Slay-2
                  | SInv}
 49463 | Depths:4 | Found a shimmering blue altar of Sif Muna.
 49467 | Depths:4 | Noticed Parghit
 49548 | Depths:4 | Reached skill level 10 in Summonings
 49583 | Depths:4 | Noticed a golden dragon
 49606 | Depths:4 | Killed a golden dragon
 49886 | Depths:4 | Killed Parghit
 50011 | Depths:4 | Found a gate to the Realm of Zot.
 50570 | Vaults:1 | Entered Level 1 of the Vaults
 50592 | Vaults:1 | Noticed Donald
 50609 | Vaults:1 | Killed Donald
 50625 | Vaults:1 | Reached XP level 23. HP: 139/148 MP: 36/36
 50674 | Vaults:1 | Found Deevou's Distillery.
 50781 | Vaults:1 | Bought a potion of mutation for 104 gold pieces
 50781 | Vaults:1 | Bought 2 potions of heal wounds for 130 gold pieces
 50781 | Vaults:1 | Bought a potion of cancellation for 104 gold pieces
 50781 | Vaults:1 | Bought a potion of mutation for 104 gold pieces
 51764 | Vaults:1 | Found Jeshribba's Magic Scroll Emporium.
 51773 | Vaults:1 | Bought a scroll of teleportation for 51 gold pieces
 52479 | Vaults:2 | Noticed Asterion
 52498 | Vaults:2 | Killed Asterion
 52600 | Vaults:2 | Identified the +1 cloak of Kaxot {rF+ Slay+3}
 52887 | Vaults:2 | Found a staircase to the Crypt.
 53282 | Vaults:2 | Found Ladd's General Store.
 53791 | Vaults:3 | Noticed Jory
 53810 | Vaults:3 | Killed Jory
 54042 | Vaults:3 | Reached XP level 24. HP: 134/153 MP: 36/36
 54381 | Vaults:3 | Noticed Nikola
 54414 | Vaults:3 | Killed Nikola
 54469 | Vaults:3 | Found Ifuogaso's Book Boutique.
 54539 | Vaults:3 | Found Webus's General Store.
 54550 | Vaults:3 | Found a flickering gateway to a bazaar.
 54559 | Bazaar   | Entered a bazaar
 54567 | Bazaar   | Found Wugoogo's Armour Shoppe.
 54577 | Bazaar   | Found Ciefidamem's Jewellery Emporium.
 54584 | Bazaar   | Found Pegil's Weapon Boutique.
 54608 | Bazaar   | Found Sewnaew's Book Boutique.
 54639 | Bazaar   | Bought a +2 helmet of intelligence for 279 gold pieces
 55982 | Vaults:4 | Found Heat's Assorted Antiques.
 55990 | Vaults:4 | Bought a potion of mutation for 344 gold pieces
 55990 | Vaults:4 | Bought a potion of haste for 430 gold pieces
 56253 | Vaults:5 | Entered Level 5 of the Vaults
 56263 | Vaults:4 | Reached skill level 15 in Evocations
 56375 | Vaults:5 | Noticed an ancient lich
 56586 | Vaults:4 | Killed an ancient lich
 56898 | Vaults:5 | Reached XP level 25. HP: 116/158 MP: 36/36
 57233 | Vaults:5 | Noticed a dread lich
 57244 | Vaults:5 | Killed a dread lich
 57408 | Vaults:5 | Identified the +6 broad axe "Panya" {freeze, *Rage rPois
                  | rN+ Str+3}
 57781 | Vaults:5 | Reached skill level 5 in Spellcasting
 57911 | Vaults:5 | Got the Enchiridion on Burning and Decomposition
 58159 | Vaults:5 | Identified the amulet of Sewee {Acrobat -Cast Str+5}
 58348 | Vaults:5 | Got a silver rune of Zot
 58880 | Vaults:5 | Found the +1 cloak of Starlight {*Dazzle EV+4 Stlth--}
 59466 | Depths:4 | Voluntarily entered the Abyss.
 59505 | Abyss:2  | Found a corrupted altar of Lugonu.
 59522 | Abyss:2  | Found a corrupted altar of Lugonu.
 59590 | Abyss:4  | Paralysed by accursed screaming for 1 turns
 59632 | Abyss:4  | Gained mutation: You are strong-willed. (Will+) [a neqoxec]
 59637 | Abyss:4  | Got an abyssal rune of Zot
 59687 | Abyss:5  | Lost mutation: You are strong-willed. (Will+) [potion of
                  | mutation]
 59687 | Abyss:5  | Lost mutation: You occasionally lose the ability to read
                  | scrolls when taking damage. [potion of mutation]
 59687 | Abyss:5  | Lost mutation: Potions are less effective at restoring your
                  | health. [potion of mutation]
 59687 | Abyss:5  | Gained mutation: You have large cloven feet. [potion of
                  | mutation]
 59912 | Depths:4 | Escaped the Abyss
 60412 | Snake:2  | Bought a ring of positive energy for 280 gold pieces
 60608 | Pan      | Entered Pandemonium
 60765 | Pan      | Reached skill level 15 in Summonings
 61085 | Pan      | Noticed Yrukh the pandemonium lord
 61131 | Pan      | Killed Yrukh the pandemonium lord
 62346 | Pan      | Noticed Jaigiy the pandemonium lord
 62366 | Pan      | Killed Jaigiy the pandemonium lord
 62366 | Pan      | Gained mutation: You do not regenerate when monsters are
                  | visible. [a cacodemon]
 62425 | Pan      | Reached XP level 26. HP: 128/164 MP: 11/37
 63548 | Pan      | Found a runed translucent door.
 63652 | Pan      | Found a runed translucent door.
 63656 | Pan      | Found a runed translucent door.
 64329 | Pan      | Found a runed translucent door.
 64419 | Pan      | Noticed Kiyrghekh the pandemonium lord
 64758 | Pan      | Killed Kiyrghekh the pandemonium lord
 64827 | Pan      | Got a demonic rune of Zot
 65118 | Pan      | Noticed Agraec the pandemonium lord
 65135 | Pan      | Killed Agraec the pandemonium lord
 65140 | Pan      | Gained mutation: Armour fits poorly on your strangely
                  | shaped body. [a cacodemon]
 65941 | Pan      | Gained mutation: You frequently scream uncontrollably at
                  | your foes. [a neqoxec]
 66017 | Pan      | Gained mutation: You are very frail. (-20% HP) [a neqoxec]
 66085 | Pan      | Found an exit through the horrors of the Abyss.
 66515 | Pan      | Killed from afar by a hellion

Illustrated notes

Levels and vault maps discovered:
D:1:      lightli_molten_gateway, layout_basic
D:2:      layout_rooms, shapermc_ecumenical_altar_rom_forum, chequers_jeans,
          serial_bayou_pond_c, minmay_misc_feat_columns,
          hangedman_feature_mirror
D:3:      layout_basic, mainiacjoe_overflow_concentric_impassable, hex_medium,
          corexii_corridor_pit
D:4:      layout_loops_ring, mainiacjoe_sewer_entry_somewhere_in_here_1,
          kennysheep_dice, uniq_pikel
D:5:      layout_loops_ring, uniq_edmund, uniq_ijyb
D:6:      layout_loops_ring, chequers_temple_overflow_minitemple
D:7:      layout_loops_ring, minitemple, minmay_temple_entry_butterflies,
          uniq_maggie
D:8:      layout_layer_cave, minivault_25, uniq_amaemon, uniq_joseph
D:9:      layout_loops_ring
D:10:     layout_layer_cave, grunt_lair_entry_orc_guard_hut, orc_david_3
D:11:     layout_cave_pools, kennysheep_generic_room_12
D:12:     layout_basic, serial_shops, nicolae_stop_n_shop_2
D:13:     nicolae_BIG_FREAKIN_CUBE, layout_loops_ring,
          grunt_vaults_entry_tiered, nicolae_ashenzari_skybound, uniq_kirke
D:14:     layout_long_grid, nemelex_lonely_heart_becter
D:15:     regret_index_condemned_cage, layout_loops_ring, lemuel_tele_altar
Lair:1:   layout_roguey, st_stairs_4
Lair:2:   layout_gridlike, minmay_snake_entry_guardpost_small,
          patterned_corridor, serial_bayou_shore_a, grunt_megastairs_5
Lair:3:   layout_layer_cave, elwin_shoals_entry_stream
Lair:4:   layout_hall_layers, portal_ice_cave_entry_imps,
          infiniplex_staircase_pool_2
Lair:5:   minmay_lair_end_frog_pond, layout_cave_shapes,
          nicolae_slime_entry_slimehenge
Shoals:1: nicolae_shoals_lighthouse, layout_shoals, lemuel_oklob_altar
Shoals:2: layout_shoals
Shoals:3: layout_shoals, nicolae_shop_unique_rings, nicolae_shoals_seven_spires,
          lemuel_centaur_altar
Shoals:4: shoals_end_hellmonk_holy_island
Snake:1:  layout_honeycomb, grunt_ministairs_11, nicolae_snake_gridmaze_swirls,
          uniq_aizul
Snake:2:  layout_onion_interference, gammafunk_ghost_cemetery,
          grunt_megastairs_2, minmay_shop_grove, nicolae_triple_integral,
          lemuel_fruit_tree
Snake:3:  layout_onion_interference, serial_shops, shop, minmay_shoptagon,
          uniq_vashnia
Snake:4:  minmay_snake_end_coiled, layout_cave_town, guppyfry_library_mini
Slime:1:  layout_caves
Slime:2:  layout_caves
Slime:3:  layout_caves, cheibrodos_slime_lost_civilization_5
Slime:4:  layout_caves, nicolae_slime_round_cave
Slime:5:  slime_pit_nicolae_inversion
Orc:1:    layout_caves, special_room [special_room_bee], basic_altar
Orc:2:    pf_orc_diabolical, layout_diamond_mine,
          hellmonk_ghost_happy_afterlife, uniq_saint_roka, uniq_jorgrun
Vaults:1: nicolae_vaults_what_the_h, v_alt_pattern_1, v_alt_pattern_4,
          v_misc_32, nicolae_vaults_closet_pinwheel_3, hangedman_vaults_trim,
          nicolae_vaults_yaktaur_gun_rack, hangedman_vaults_trim,
          nicolae_vaults_trapezoid_lopsided_3, vaults_room_mumra_shop_pool,
          nicolae_vaults_double_plus_1, layout_vaults_omnigrid, serial_shops,
          shop, uniq_donald
Vaults:2: v_misc_26, v_misc_24, v_misc_9, v_pattern_3,
          nicolae_vaults_angled_halls, nicolae_vaults_hexular_roomagon,
          nicolae_vaults_tetromino_L_1, v_rooms_6, ontoclasm_vaults_idyll,
          v_misc_10, nicolae_vaults_little_squares_3,
          nicolae_vaults_sightless_eye, ontoclasm_vaults_shout,
          layout_vaults_ring, blue_anna_dwarven_crypt, serial_shops,
          nicolae_shop_trees, uniq_margery, uniq_asterion
Vaults:3: v_rooms_3, nicolae_vaults_specimen_jars, nicolae_vaults_tetromino_L_2,
          vaults_room_door_hall, v_misc_9, nicolae_vaults_hexular_roomagon,
          nicolae_vaults_more_shelving_1, nicolae_vaults_trapezoid_lopsided_1,
          vaults_room_corners, layout_vaults_big_room, serial_shops,
          bzr_entry_islet, shop, shop, uniq_nikola, uniq_jory
Vaults:4: nicolae_vaults_asterisk, hangedman_vaults_corner,
          nicolae_vaults_doubleplus_tesselated, nicolae_vaults_tetromino_Z_2,
          dpeg_vaults_monster_box, grunt_vaults_focal,
          nicolae_vaults_storage_room_statues, vaults_room_fancy_cross,
          hangedman_vaults_river_flow, nicolae_vaults_theta,
          nicolae_vaults_security_offices_4, v_misc_23,
          nicolae_vaults_three_branches, layout_vaults_omnicross, serial_shops,
          nicolae_lakefront_shop
Vaults:5
Depths:1: layout_roguey, hell_entry, kiku_gazebo_garden_becter,
          nicolae_elyvilon_peaceful_grove, minmay_shop_star, uniq_norris,
          uniq_mara
Depths:2: minmay_strange_plus, layout_cave_shapes, corexii_corridor_pit,
          pan_entry, serial_rivers, chequers_serial_rivers_micro_e,
          chequers_serial_rivers_room_b, chequers_serial_rivers_large_a,
          chequers_serial_rivers_small_3, chequers_serial_rivers_micro_b,
          chequers_serial_rivers_large_b, grunt_metal_band
Depths:3: minmay_quarter_circles, layout_gridlike, enter_ziggurat_d,
          gammafunk_ghost_grave, grunt_decor_clamped, minmay_room_of_horrors,
          hell_entry, serial_bayou_pond_e, serial_bayou_shore_b
Depths:4: grunt_zot_entry_tricorne, layout_cave_shapes, abyss_entry,
          nicolae_sif_muna_condensation, hangedman_geh_valley, uniq_sojobo,
          uniq_parghit
Pan:      evilmike_mini_pan_3x3, layout_cellular_growth,
          evilmike_mini_pan_possible_glass, layout_stronghold,
          pan_blood_fountain_2, rand_demon_7, layout_gridlike,
          evilmike_mini_pan_other_thingy, layout_cellular_growth,
          pan_blood_fountain_small, nicolae_pan_lom_lobonic_4,
          grunt_pan_in_and_out, layout_grid_shapes, pan_blood_fountain,
          special_room [special_room_demon_pit]

Skill      XL: |  1  2  3  4  5  6  7  8  9 10 11 12 13 14 15 16 17 18 19 20 21 22 23 24 25 26 |
---------------+-------------------------------------------------------------------------------+-----
Maces & Flails | 3 4 5 6 7 9 11 13 14 15 16 17 | 17.7
Fighting       | 7 10 13 15 16 17 18 20 21 22 23 | 23.8
Armour         | 5 8 9 10 11 | 11.0
Evocations     | 3 7 9 10 11 12 14 15 16 | 16.5
Shields        | 4 8 9 10 14 17 18 20 | 20.0
Dodging        | 1 5 |  5.0
Spellcasting   | 1 2 4 6 |  6.0
Summonings     | 1 4 5 7 8 10 12 13 15 16 | 16.4
Invocations    | 2 8 10 12 14 15 16 17 18 19 20 21 | 21.1
Translocations | 5 8 10 11 | 11.0

Action                     |  1- 3 |  4- 6 |  7- 9 | 10-12 | 13-15 | 16-18 | 19-21 | 22-24 | 25-27 || total
---------------------------+-------+-------+-------+-------+-------+-------+-------+-------+-------++-------
  Melee: Flail             |   131 |   162 |   429 |    19 |       |       |       |       |       ||   741
         Demon whip        |       |       |       |   816 |  1842 |  1648 |  2082 |  2052 |  1381 ||  9821
  Throw: Dart              |       |     5 |     2 |    28 |     3 |       |       |       |       ||    38
   Cast: Call Canine Famil |       |       |       |       |     3 |     2 |     4 |       |       ||     9
         Manifold Assault  |       |       |       |       |       |    55 |   137 |    30 |    71 ||   293
         Summon Forest     |       |       |       |       |       |       |     1 |     2 |    12 ||    15
         Summon Hydra      |       |       |       |       |       |       |       |       |     2 ||     2
 Invoke: Fiery Armour      |       |     1 |     3 |     1 |       |       |       |       |       ||     5
         Foxfire Swarm     |       |       |     2 |     3 |       |       |       |       |       ||     5
         Rising Flame      |       |       |       |     1 |       |       |       |       |       ||     1
         Upheaval          |       |       |       |       |     5 |    16 |     8 |     5 |     9 ||    43
         Disaster Area     |       |       |       |       |       |     1 |     4 |     3 |     1 ||     9
         Elemental Force   |       |       |       |       |       |     1 |     1 |     2 |    13 ||    17
  Evoke: Wand              |       |       |       |     5 |    16 |    17 |    13 |     1 |     5 ||    57
         Phial of floods   |       |       |       |       |       |       |     2 |       |     1 ||     3
         Lightning rod     |       |       |       |       |       |       |     1 |     2 |       ||     3
         Box of beasts     |       |       |       |       |       |       |     1 |     2 |     2 ||     5
         Phantom mirror    |       |       |       |       |       |       |       |     1 |       ||     1
    Use: Scroll            |       |       |       |    12 |    19 |    16 |     9 |    11 |     8 ||    75
         Potion            |       |       |       |     5 |    14 |     3 |     7 |     5 |    18 ||    52
   Stab: Petrified         |       |       |       |       |     5 |       |       |       |       ||     5
         Petrifying        |       |       |       |       |     1 |       |       |       |       ||     1
         Paralysed         |       |       |       |       |       |     2 |       |     7 |     1 ||    10
         Distracted        |       |       |       |       |       |       |     1 |       |     3 ||     4
         Invisible         |       |       |       |       |       |       |       |     1 |       ||     1
 Armour: Scale mail        |    92 |    38 |       |       |       |       |       |       |       ||   130
         Chain mail        |       |    71 |    74 |       |       |       |       |       |       ||   145
         Ring mail         |       |       |   233 |   448 |   222 |       |       |       |       ||   903
         Skin              |       |       |     2 |       |       |       |       |       |       ||     2
         Troll leather arm |       |       |       |       |   918 |   803 |  1084 |   842 |   449 ||  4096
  Dodge: Dodged            |    39 |    51 |   164 |   194 |   702 |   315 |   431 |   365 |   237 ||  2498
         Repelled          |       |       |       |       |     1 |    36 |    15 |     7 |    19 ||    78
  Block: Buckler           |    23 |    22 |    76 |    79 |   435 |    36 |       |       |       ||   671
         Kite shield       |       |       |       |       |       |  1146 |  1497 |  1483 |   996 ||  5122

Table legend: (Time is in decaauts)
 A = Elapsed time spent in this place.
 B = Non-inter-level travel time spent in this place.
 C = Inter-level travel time spent in this place.
 D = Time resting spent in this place.
 E = Time spent auto-exploring this place.
 F = Levels seen in this place.
 G = Mean time per level.
                   A        B        C        D        E       F      G
               +--------+--------+--------+--------+--------+-----+--------+
         Total |  62386 |  56908 |   5478 |      0 |  40537 |  57 | 1094.5 |
       Dungeon |  17143 |  14994 |   2149 |      0 |  11306 |  15 | 1142.9 |
          Lair |   7641 |   6651 |    990 |      0 |   4556 |   5 | 1528.2 |
        Shoals |   4033 |   3847 |    186 |      0 |   2621 |   4 | 1008.2 |
     Snake Pit |   5064 |   4593 |    471 |      0 |   3670 |   4 | 1266.0 |
    Slime Pits |   5125 |   4837 |    288 |      0 |   3590 |   5 | 1025.0 |
  Orcish Mines |   3224 |   2842 |    382 |      0 |   1744 |   2 | 1612.0 |
        Vaults |   7763 |   7340 |    423 |      0 |   5453 |   5 | 1552.6 |
        Depths |   6226 |   5639 |    587 |      0 |   3844 |   4 | 1556.5 |
         Abyss |    398 |    398 |      0 |      0 |     54 |   6 |   66.3 |
   Pandemonium |   5451 |   5451 |      0 |      0 |   3531 |   5 | 1090.2 |
        Bazaar |    110 |    110 |      0 |      0 |     18 |   1 |  110.0 |
         Sewer |    202 |    202 |      0 |      0 |    148 |   1 |  202.0 |
               +--------+--------+--------+--------+--------+-----+--------+

Top non-repeatable levels by time:
Vaults:4: 2338 daAuts
    D:10: 2288 daAuts
   Orc:2: 2246 daAuts
Depths:3: 1979 daAuts
  Lair:3: 1959 daAuts
  Lair:4: 1816 daAuts
    D:15: 1714 daAuts
 Slime:4: 1687 daAuts
  Lair:2: 1555 daAuts
Depths:4: 1492 daAuts
    D:13: 1465 daAuts
Vaults:2: 1459 daAuts
Depths:2: 1435 daAuts
Vaults:5: 1434 daAuts
Vaults:1: 1404 daAuts
